 Dungeon Crawl Stone Soup version 0.31-a0-202-g547052bce9 (webtiles) character file.

Game seed: 16821190320100155000

179 qw the Skirmisher (level 5, -2/29 HPs)
             Began as a Deep Elf Hunter on June 26, 2023.
             Slain by an iguana (9 damage)
             ... on level 4 of the Dungeon.
             The game lasted 00:00:45 (2031 turns).

qw the Skirmisher (Deep Elf Hunter)                 Turns: 2031, Time: 00:00:46

Health: -2/29      AC:  6    Str: 10    XL:     5   Next: 32%
Magic:  7/7        EV: 11    Int: 14    God:
Gold:   177        SH:  0    Dex: 18    Spells: 4/4 levels left

rFire   . . .        Y - +0 shortbow
rCold   . . .        (shield currently unavailable)
rNeg    . . .        e - +0 ring mail
rPois   .            (no helmet)
rElec   .            (no cloak)
rCorr   .            h - +0 pair of gloves
SInv    .            (no boots)
Will    +....        (no amulet)
Stlth   +            b - ring of willpower
HPRegen 0.24/turn    (no ring)
MPRegen 0.10/turn

%: no passive effects
@: about to teleport
A: no striking features
a: no special abilities


You were on level 4 of the Dungeon.
You visited 1 branch of the dungeon, and saw 4 of its levels.

You collected 177 gold pieces.


   Skills:
 - Level 1.5 Fighting
 + Level 8.8 Ranged Weapons
 - Level 2.4 Dodging
 - Level 1.2 Stealth


You had 4 spell levels left.
You didn't know any spells.
Your spell library was empty.

Inventory:

Hand Weapons
 Y - a +0 shortbow (weapon)
Armour
 e - a +0 ring mail (worn)
 h - a +0 pair of gloves (worn)
Jewellery
 b - a ring of willpower (left hand)
Scrolls
 a - a scroll of identify
Potions
 c - a potion of enlightenment {unknown}
 d - 2 potions of curing
 f - a potion of invisibility {unknown}
 i - a potion of heal wounds {unknown}

Dungeon Overview and Level Annotations

Branches:
Dungeon (4/15)
 Temple: D:4-7

Altars:


Message History

The arrow closely misses the ball python.
The ball python bites you but does no damage.
The ball python grabs you. The ball python constricts you.
You shoot an arrow.
The arrow closely misses the ball python.
The ball python closely misses you. The ball python constricts you.
You shoot an arrow. The arrow hits the ball python.
The ball python is moderately wounded.
The iguana closely misses you. The ball python closely misses you.
The ball python constricts you.
You shoot an arrow. The arrow hits the ball python.
You kill the ball python!
The iguana closely misses you.
You shoot an arrow. The arrow barely misses the iguana.
The scorpion stings you. The iguana barely misses you.
The scorpion closely misses you.
You shoot an arrow. The arrow hits the iguana.
The iguana is heavily wounded.
The iguana misses you. The scorpion closely misses you.
The iguana barely misses you.
You shoot an arrow. The arrow barely misses the iguana.
The scorpion barely misses you. The iguana bites you!
You shoot an arrow. The arrow hits the iguana.
The iguana is severely wounded.
The scorpion stings you but does no damage.
The iguana bites you. The scorpion barely misses you.
You shoot an arrow. The arrow hits the iguana.
The iguana is severely wounded.
The scorpion misses you.
The iguana bites you but does no damage.
You shoot an arrow. The arrow closely misses the iguana.
The scorpion stings you. The iguana bites you.
2030 ||| READING scroll of teleportation.
As you read the scroll of teleportation, it crumbles to dust.
You feel strangely unstable. The scorpion stings you.
The iguana closely misses you. The scorpion barely misses you.
You shoot an arrow. The arrow closely misses the iguana.
The iguana bites you!
You die...

## #.. ##..#
.....# ......#
.......## ######
......%s##
#....### #l@.#
##......## ##..##
#......... ##..##
#.........
##..####.........
###..#..........
##.%..........
##...........
##..........
#..........


You could see a scorpion and an iguana.

Vanquished Creatures
  A phantom (D:3)
  A hound (D:4)
  An adder (D:2)
  2 worms
  5 orcs (D:3)
  7 ball pythons
  3 endoplasms
  A giant cockroach (D:3)
  5 goblins
  8 hobgoblins
  4 quokkas
  2 frilled lizards
  6 kobolds
  4 rats
50 creatures vanquished.

Notes
Turn   | Place    | Note
-------+----------+-------------------------------------------
     0 | D:1      | qw the Deep Elf Hunter began the quest for the Orb.
     0 | D:1      | Reached XP level 1. HP: 12/12 MP: 3/3
     0 | D:1      | 0 ||| qw: Version: 0.3-a-22-g0ed2b0b
     0 | D:1      | 0 ||| qw: Game counter: 6189
     0 | D:1      | 0 ||| qw: Melee chars always use a shield: true
     0 | D:1      | 0 ||| qw: God list: Okawaru
     0 | D:1      | 0 ||| qw: Allow faded altars: false
     0 | D:1      | 0 ||| qw: Do Orc after clearing Dungeon:15 true
     0 | D:1      | 0 ||| qw: Do second Lair branch before Depths: true
     0 | D:1      | 0 ||| qw: Lair rune preference: random
     0 | D:1      | 0 ||| qw: Goals: Normal
     0 | D:1      | 0 ||| PLANNING D:1-11
   190 | D:1      | Reached XP level 2. HP: 16/16 MP: 4/4
   253 | D:1      | Reached skill level 6 in Ranged Weapons
   646 | D:1      | 646 ||| UPGRADING to +0 pair of gloves.
   651 | D:1      | 651 ||| READING scroll labelled WUPOMO RASEGA.
   652 | D:1      | 652 ||| READING scroll labelled NETTIWKAIN.
   653 | D:1      | 653 ||| DRINKING 2 smoky red potions.
   654 | D:1      | 654 ||| DRINKING 2 silvery potions.
   655 | D:1      | 655 ||| DROPPING scroll of butterflies.
   656 | D:1      | 656 ||| DROPPING potion of brilliance.
   794 | D:2      | Reached XP level 3. HP: 20/20 MP: 5/5
   867 | D:2      | You fall into a shaft and drop 1 floor!
   908 | D:3      | Noticed a phantom
   918 | D:3      | Killed a phantom
   919 | D:3      | Reached skill level 8 in Ranged Weapons
   919 | D:3      | Reached XP level 4. HP: 20/25 MP: 6/6
  1015 | D:3      | 1015 ||| UPGRADING to +0 ring mail.
  1025 | D:3      | 1025 ||| DROPPING +0 leather armour.
  1026 | D:3      | 1026 ||| UPGRADING to ring of willpower.
  1027 | D:3      | 1027 ||| READING scroll labelled JUCOFIGAUP.
  1029 | D:3      | 1029 ||| Stepping ~*~*~tactically~*~*~ (cloud).
  1030 | D:3      | 1030 ||| DRINKING 3 potions of curing.
  1030 | D:3      | 1030 ||| (to cure poison)
  1072 | D:3      | 1072 ||| STAIRDANCE
  1255 | D:2      | 1255 ||| READING scroll labelled GUYPOO ROROJINN.
  1325 | D:3      | Found a faded altar of an unknown god.
  1541 | D:3      | Reached XP level 5. HP: 27/29 MP: 7/7
  2029 | D:4      | HP: 7/29 [iguana (4)]
  2030 | D:4      | 2030 ||| READING scroll of teleportation.
  2031 | D:4      | Slain by an iguana

Levels and vault maps discovered:
D:1:      minmay_arrival_solitary_statue, layout_loops_ring
D:2:      layout_rooms
D:3:      layout_loops_cross, basic_ecumenical_altar
D:4:      layout_cave_pods, minmay_crystal_room

Skill      XL: |  1  2  3 |
---------------+----------+-----
Ranged Weapons | 6 8 |  8.8
Fighting       | |  1.5
Dodging        | |  2.4
Stealth        | |  1.2

Action                     |  1- 3 |  4- 6 || total
---------------------------+-------+-------++-------
   Fire: Shortbow          |    81 |    94 ||   175
    Use: Scroll            |     2 |     3 ||     5
         Potion            |     2 |     1 ||     3
 Armour: Leather armour    |     6 |       ||     6
         Ring mail         |       |    14 ||    14
  Dodge: Dodged            |    15 |    47 ||    62

Table legend:
 A = Non-vault XP
 B = Vault XP
 C = Vault XP percentage of total XP
 D = Non-vault monster count
 E = Vault monster count
 F = Vault count percentage of total count
                 A         B        C        D         E       F
            +---------+---------+-------+---------+---------+-------
      Total |     256 |       0 |   0.0 |      50 |       0 |   0.0
            +---------+---------+-------+---------+---------+-------
        D:1 |      19 |       0 |   0.0 |      11 |       0 |   0.0
        D:2 |      43 |       0 |   0.0 |      16 |       0 |   0.0
        D:3 |     153 |       0 |   0.0 |      21 |       0 |   0.0
        D:4 |      41 |       0 |   0.0 |       2 |       0 |   0.0
            +---------+---------+-------+---------+---------+-------
